 Dungeon Crawl Stone Soup version 0.27-a0-1206-g6342a01c75 (webtiles) character file.

Game seed: 7476728737041206523

3454 Glokmah the Quickloader (level 10, -2/79 HPs)
             Began as a Barachi Hunter on June 5, 2021.
             Was a Priest of Okawaru.
             Slain by a two-headed ogre
             ... wielding a +0 giant club
              (13 damage)
             ... on level 8 of the Dungeon.
             The game lasted 00:22:44 (11577 turns).

Glokmah the Quickloader (Barachi Hunter)           Turns: 11577, Time: 00:22:46

Health: -2/79      AC:  3    Str: 14      XL:     10   Next: 6%
Magic:  0/16       EV: 18    Int: 11 (12) God:    Okawaru [***...]
Gold:   122        SH:  0    Dex: 14 (15) Spells: 13/17 levels left

rFire    . . .     SeeInvis .   d - +6 falchion "Voemicro" {freeze, Drain +Blink Fly Will++}
rCold    . . .     Faith    .   (no shield)
rNeg     . . .     Spirit   +   s - +0 leather armour
rPois    .         Reflect  .   (no helmet)
rElec    .         Harm     .   (no cloak)
rCorr    .         Rampage  .   (no gloves)
Will     ++...                  (no boots)
Stlth    +++.......             k - amulet of guardian spirit
HPRegen  0.00/turn              x - +4 ring of evasion
MPRegen  0.15/turn              (no ring)

@: about to teleport, heroic, unable to hop, flying, slow
A: amphibious, slowness 1, strong legs 1, +LOS, deterioration 1, screaming 1,
inhibited regeneration
a: Hop, Renounce Religion, Evoke Blink, Heroism


You were on level 8 of the Dungeon.
You worshipped Okawaru.
Okawaru was most pleased with you.
You visited 1 branch of the dungeon, and saw 8 of its levels.
You also visited: Ossuary.

You collected 322 gold pieces.
You spent 200 gold pieces at shops.

Inventory:

Hand Weapons
 a - a +3 hand crossbow of venom
 b - a +0 great sword
 c - a +1 dagger of draining
 d - the +6 falchion "Voemicro" (weapon) {freeze, Drain +Blink Fly Will++}
   (You bought it in a shop on level 8 of the Dungeon)

   It has been specially enchanted to freeze those struck by it, causing extra
   injury to most foes and up to half again as much damage against particularly
   susceptible opponents.
   It can also slow down cold-blooded creatures.
   It grants you flight.
   It lets you blink.
   It drains your maximum health when unequipped.
   It greatly increases your willpower.
Missiles
 o - 13 poisoned darts (quivered)
 A - a throwing net
 D - 25 bolts
Armour
 s - a +0 leather armour (worn)
 z - a +0 chain mail of willpower
Jewellery
 k - an amulet of guardian spirit (around neck)
 l - a ring of ice
 x - a +4 ring of evasion (left hand)
 C - an amulet of magic regeneration
Wands
 e - a wand of paralysis (9)
 n - a wand of polymorph (11)
 t - a wand of mindburst (8)
 y - a wand of flame (11)
 B - a wand of iceblast (8)
Scrolls
 h - 2 scrolls of teleportation
 i - 4 scrolls of immolation
Potions
 f - 4 potions of heal wounds
 g - 5 potions of curing
 j - a potion of magic {unknown}
 m - 2 potions of resistance {unknown}
 p - 2 potions of cancellation {unknown}
 q - 4 potions of ambrosia {unknown}
 r - 5 potions of lignification {unknown}
 u - 2 potions of haste {unknown}
 v - 3 potions of flight {unknown}
 w - 2 potions of brilliance {unknown}


   Skills:
 + Level 7.2(12.2) Fighting
 + Level 3.0(8.0) Long Blades
 * Level 9.2(14.2) Crossbows
 - Level 2.1(7.1) Dodging
 - Level 0.8(5.8) Stealth
 - Level 4.0 Spellcasting
 + Level 6.7 Hexes
 * Level 4.9 Invocations


You had 13 spell levels left.
You knew the following spells:

 Your Spells              Type           Power      Damage    Failure   Level
a - Confusing Touch       Hex            17%        N/A       5%          3
b - Corona                Hex            18%        N/A       1%          1

Your spell library contained the following spells:

 Spells                   Type           Power      Damage    Failure   Level
 Tukima's Dance           Hex            17%        N/A       5%          3
 Ensorcelled Hibernation  Hex/Ice        18%        N/A       11%         2
 Dazzling Flash           Conj/Hex       18%        N/A       22%         3
 Animate Skeleton         Necr           4%         N/A       28%         1
 Apportation              Tloc           4%         N/A       28%         1
 Magic Dart               Conj           8%         1d3       28%         1
 Summon Small Mammal      Summ           8%         N/A       28%         1
 Searing Ray              Conj           4%         3d3       41%         2
 Fulminant Prism          Conj/Hex       4%         3d6       58%         4
 Gell's Gravitas          Tloc           1%         N/A       65%         3
 Metabolic Englaciation   Hex/Ice        4%         N/A       90%         5
 Yara's Violent Unravell  Hex/Tmut       4%         3d4       90%         5
 Iskenderun's Mystic Bla  Conj/Tloc      2%         2d3       96%         4
 Petrify                  Tmut/Erth      2%         N/A       96%         4


Dungeon Overview and Level Annotations

Branches:
Dungeon (8/15)             Temple (0/1) D:4         Ossuary (visited)
   Lair: D:8-11

Altars:
Okawaru
Uskayaw
Wu Jian

Shops:
D:8 (


Innate Abilities, Weirdness & Mutations

You are amphibious.
You cover ground slowly.
You can hop short distances.
You have an extended range of vision and can be seen from far away.
Your body sometimes deteriorates upon taking damage.
You occasionally shout uncontrollably at your foes.
You do not regenerate when monsters are visible.


Message History

The hornet stings you.
* * * LOW HITPOINT WARNING * * *
You feel as though you will be slow longer.
The hornet barely misses you.
You hit the hornet. You freeze the hornet.
You kill the hornet!
Okawaru accepts your kill. Something appears at your feet!
Okawaru grants you ammunition! The killer bee zombie hits you.
* * * LOW HITPOINT WARNING * * *
Your base Long Blades skill increases to level 3!
You feel much better.
The killer bee zombie barely misses you.
The killer bee zombie closely misses you.
You hit the two-headed ogre. You freeze the two-headed ogre.
The two-headed ogre is lightly wounded.
The two-headed ogre hits you with a +0 giant club!
The two-headed ogre misses you.
You slash the two-headed ogre! You freeze the two-headed ogre.
The two-headed ogre is moderately wounded.
The two-headed ogre barely misses you.
You riposte.
You barely miss the two-headed ogre.
The two-headed ogre is moderately wounded.
The two-headed ogre hits you with a +0 great mace!!
* * * LOW HITPOINT WARNING * * *
Okay, then.
You blink.
The killer bee zombie hits you but does no damage.
The killer bee zombie closely misses you. x2
You feel yourself speed up.
Okay, then.
As you read the scroll of teleportation, it crumbles to dust.
You feel strangely unstable.
The killer bee zombie barely misses you.
The two-headed ogre closely misses you.
You riposte.
You slash the two-headed ogre! You freeze the two-headed ogre.
The two-headed ogre is heavily wounded.
The two-headed ogre hits you with a +0 great mace!
You die...

# .. # ..#
########
...#####....^.# #
Z#
...?..........##.
..o.
.......#........
...o
..............#
...#
..............#
##.#
#...........# #
#..@.....# ..
##.OZ....# ..
#.......# ..
##.###..# #### #
#(†.##.###...#...
###.##........>..
.####<........ .#
#......... ... .#
#.........


You could see a two-headed ogre and a killer bee zombie.

Vanquished Creatures
  A two-headed ogre (D:7)
  A kobold demonologist (D:7)
  A hornet (D:8)
  A wyvern (D:7)
  Eustachio (D:6)
  A water moccasin (D:6)
  2 orc warriors (D:6)
  A black bear (D:7)
  2 ogres (D:6)
  A centaur (D:5)
  2 phantoms
  2 bullfrogs
  2 scorpions
  4 howler monkeys
  A human zombie (Ossuary)
  2 centaur zombies
  2 jellies
  7 hounds
  2 centaur skeletons
  3 orc priests
  3 iguanas
  An orc wizard (D:4)
  2 hound skeletons
  5 mummies (Ossuary)
  9 adders
  A shadow imp (D:7)
  A white imp (D:6)
  A worm zombie (D:5)
  A worm (D:3)
  17 orcs
  7 bats
  8 endoplasms
  5 giant cockroaches
  A gnoll zombie (Ossuary)
  8 hobgoblins
  9 jackals
  5 kobolds
  6 quokkas
  6 ball pythons
  4 frilled lizards (D:1)
  7 goblins
  A goblin zombie (Ossuary)
  2 hobgoblin zombies (Ossuary)
  A kobold zombie (Ossuary)
  An orc zombie (Ossuary)
  5 rats
156 creatures vanquished.

Vanquished Creatures (others)
  5 toadstools (D:1)
5 creatures vanquished.

Grand Total: 161 creatures vanquished

Notes
Turn   | Place    | Note
-------+----------+-------------------------------------------
     0 | D:1      | Glokmah the Barachi Hunter began the quest for the Orb.
     0 | D:1      | Reached XP level 1. HP: 17/17 MP: 1/1
   195 | D:1      | Reached XP level 2. HP: 10/23 MP: 2/2
  1084 | D:1      | Reached XP level 3. HP: 13/29 MP: 3/3
  2079 | D:2      | Reached skill level 5 in Crossbows
  2079 | D:2      | Reached XP level 4. HP: 28/35 MP: 4/4
  2140 | D:2      | Found an iron altar of Okawaru.
  2145 | D:2      | Became a worshipper of Warmaster Okawaru
  2215 | D:2      | Learned a level 3 spell: Confusing Touch
  3177 | D:2      | Reached skill level 1 in Hexes
  3388 | D:3      | Found an iron altar of Okawaru.
  4086 | D:3      | Found a faded altar of an unknown god.
  4092 | D:3      | Reached XP level 5. HP: 42/42 MP: 5/5
  5562 | D:4      | Reached skill level 1 in Spellcasting
  5953 | D:4      | Reached XP level 6. HP: 16/48 MP: 3/8
  6671 | D:4      | Reached skill level 6 in Crossbows
  6948 | D:4      | Found a staircase to the Ecumenical Temple.
  7114 | D:5      | Entered Level 5 of the Dungeon
  7175 | D:5      | Reached XP level 7. HP: 19/55 MP: 5/10
  7467 | D:5      | Found a sand-covered staircase.
  7474 | D:5      | Found a faded altar of an unknown god.
  7487 | Ossuary  | Entered an ossuary
  7784 | Ossuary  | Reached * piety under Okawaru
  8197 | D:5      | Reached skill level 5 in Fighting
  8616 | D:5      | Reached XP level 8. HP: 48/62 MP: 8/12
  8629 | D:5      | Reached skill level 5 in Hexes
  8851 | D:5      | Reached skill level 7 in Crossbows
  9347 | D:6      | Learned a level 1 spell: Corona
  9575 | D:6      | Reached skill level 1 in Invocations
  9645 | D:6      | Reached ** piety under Okawaru
  9937 | D:6      | Found a hide-covered altar of Uskayaw.
  9938 | D:6      | Found an ornate altar of the Wu Jian Council.
 10046 | D:6      | Reached XP level 9. HP: 68/69 MP: 14/14
 10089 | D:6      | Noticed Eustachio
 10101 | D:6      | Killed Eustachio
 10102 | D:6      | Reached skill level 8 in Crossbows
 10271 | D:7      | Noticed a kobold demonologist
 10276 | D:7      | Noticed a rust devil
 10278 | D:7      | Gained mutation: Your body sometimes deteriorates upon
                  | taking damage. [a neqoxec]
 10283 | D:7      | Gained mutation: You occasionally shout uncontrollably at
                  | your foes. [a neqoxec]
 10288 | D:7      | Gained mutation: You do not regenerate when monsters are
                  | visible. [a neqoxec]
 10290 | D:7      | Killed a kobold demonologist
 10772 | D:7      | Noticed a two-headed ogre
 10779 | D:7      | Killed a two-headed ogre
 10779 | D:7      | Reached *** piety under Okawaru
 11050 | D:7      | Reached skill level 9 in Crossbows
 11363 | D:8      | Found Quck's Antique Weapon Shoppe.
 11375 | D:8      | Bought a polished falchion for 200 gold pieces
 11375 | D:8      | Identified the +6 falchion "Voemicro" {freeze, Drain +Blink
                  | Fly Will++} (You bought it in a shop on level 8 of the
                  | Dungeon)
 11558 | D:8      | Reached XP level 10. HP: 70/79 MP: 13/16
 11559 | D:8      | Noticed a two-headed ogre
 11562 | D:8      | Paralysed by a hornet for 3 turns
 11571 | D:8      | Received a gift from Okawaru
 11577 | D:8      | Slain by a two-headed ogre

Illustrated notes

Levels and vault maps discovered:
D:1:      ldierk_walled_garden, layout_rooms, serial_co_window_serial,
          co_window_paths_a, co_window_corner_a, co_window_paths_a,
          co_window_corner_a, co_window_cross_1, co_window_cross_1,
          co_window_cross_1, co_window_corner_cb, co_window_corner_cb,
          co_window_corner_ca, co_window_unsneaky_path_a, co_window_corner_b,
          co_window_broadway_b, co_window_paths_e, glass_columns_a,
          minmay_misc_feat_diagonals
D:2:      layout_basic, basic_altar, minivault_11, chequers_serial_rivers_room_a
D:3:      layout_basic, okawaru_metal_pillars_1_2, ebering_ecumenical_altar_mist
D:4:      layout_loops_cross, minmay_temple_entry_butterflies, dk_vineyard_2
D:5:      layout_cave_pods, serial_column_ruins, column_ruins_temple_circle,
          column_ruins_corridor_corner, column_ruins_open_medium,
          column_ruins_grid_1, column_ruins_open_medium,
          column_ruins_columns_corner, enter_ossuary_3
D:6:      layout_cave_pools, gammafunk_temple_overflow_wave,
          chequers_mini_garden, minivault_26, corexii_leaking_fountain,
          uniq_eustachio
D:7:      minmay_skewed_foursquare, layout_loops_ring
D:8:      layout_rooms, serial_shops, kennysheep_mini, shop,
          hangedman_decor_push

Skill      XL: |  1  2  3  4  5  6  7  8  9 10 |
---------------+-------------------------------+-----
Fighting       | 3 4 5 6 7 |  7.2
Crossbows      | 5 6 7 9 |  9.2
Hexes          | 1 2 3 4 5 6 |  6.7
Spellcasting   | 1 2 3 4 |  4.0
Invocations    | 2 4 |  4.9
Long Blades    | 2 3 |  3.0
Dodging        | |  2.1
Stealth        | |  0.8

Action                   |  1- 3 |  4- 6 |  7- 9 | 10-12 || total
-------------------------+-------+-------+-------+-------++-------
Melee: Short sword       |    87 |    75 |       |       ||   162
       Rapier            |       |   105 |    82 |       ||   187
       Dagger            |       |    45 |    81 |       ||   126
       Great sword       |       |       |    25 |     3 ||    28
       Falchion          |       |       |       |     4 ||     4
 Fire: Hand crossbow     |    34 |    80 |   122 |       ||   236
 Cast: Corona            |       |       |     1 |       ||     1
       Confusing Touch   |       |       |     1 |       ||     1
Invok: Heroism           |       |       |     3 |     1 ||     4
 Abil: Hop               |     2 |     6 |     2 |     1 ||    11
       Evoke Blink       |       |       |       |     2 ||     2
Evoke: Wand              |       |       |     7 |       ||     7
  Use: Potion            |       |     1 |       |     2 ||     3
       Scroll            |       |     1 |    12 |     1 ||    14
 Stab: Sleeping          |     1 |     2 |     3 |       ||     6
       Distracted        |       |       |     1 |       ||     1
Armor: Leather armour    |    31 |    69 |    52 |     3 ||   155
Dodge: Dodged            |    69 |   179 |   214 |    17 ||   479
       Rpst.: Great sword |       |       |     6 |     2 ||     8
       Falchion          |       |       |       |     3 ||     3

Table legend: (Time is in decaauts)
 A = Elapsed time spent in this place.
 B = Non-inter-level travel time spent in this place.
 C = Inter-level travel time spent in this place.
 D = Time resting spent in this place.
 E = Time spent auto-exploring this place.
 F = Levels seen in this place.
 G = Mean time per level.
                   A        B        C        D        E       F      G
               +--------+--------+--------+--------+--------+-----+--------+
         Total |  12894 |  12083 |    811 |   2634 |   6628 |   9 | 1432.7 |
       Dungeon |  12288 |  11477 |    811 |   2357 |   6628 |   8 | 1536.0 |
       Ossuary |    606 |    606 |      0 |    277 |      0 |   1 |  606.0 |
               +--------+--------+--------+--------+--------+-----+--------+

Top non-repeatable levels by time:
     D:2: 2436 daAuts
     D:1: 1989 daAuts
     D:4: 1976 daAuts
     D:3: 1722 daAuts
     D:5: 1485 daAuts
     D:7: 1364 daAuts
     D:6: 1179 daAuts
 Ossuary: 606 daAuts
     D:8: 134 daAuts
